 Dungeon Crawl Stone Soup version 0.27-a0-1196-g3e9cee4cb2 (webtiles) character file.

Game seed: 9784292586434305032

798 robertstho the Skirmisher (level 7, -1/45 HPs)
             Began as a Gargoyle Fighter on May 27, 2021.
             Killed by divine providence
             ... invoked by an orc priest
              (11 damage)
             ... on level 5 of the Dungeon.
             The game lasted 00:05:29 (4479 turns).

robertstho the Skirmisher (Gargoyle Fighter)        Turns: 4479, Time: 00:05:30

Health: -1/45      AC: 18    Str: 21    XL:     7   Next: 90%
Magic:  7/7        EV:  6    Int:  9    God:
Gold:   103        SH:  9    Dex:  9    Spells: 6/6 levels left

rFire    . . .     SeeInvis +   a - +1 flail
rCold    . . .     Faith    .   c - +0 kite shield
rNeg     + . .     Spirit   .   p - +0 chain mail
rPois    ∞         Reflect  .   (no helmet)
rElec    +         Harm     .   h - +0 cloak
rCorr    .         Rampage  .   n - +1 pair of gloves
Will     .....                  (no boots)
Stlth    ..........             (no amulet)
HPRegen  0.15/turn              b - +4 ring of slaying
MPRegen  0.10/turn              i - ring of see invisible

@: no status effects
A: sickness immunity, AC +4, negative energy resistance 1, electricity
resistance, torment resistance 1, petrification resistance
a: no special abilities


You were on level 5 of the Dungeon.
You visited 1 branch of the dungeon, and saw 6 of its levels.

You collected 103 gold pieces.

Inventory:

Hand Weapons
 a - a +1 flail (weapon)
Armour
 c - a +0 kite shield (worn)
 h - a +0 cloak (worn)
 n - a +1 pair of gloves (worn)
 p - a +0 chain mail (worn)
Jewellery
 b - a +4 ring of slaying (left hand)
 i - a ring of see invisible (right hand)
 o - an amulet of reflection
Scrolls
 k - a scroll of enchant armour
 m - a scroll of fog
 s - 2 scrolls of vulnerability
Potions
 d - a potion of might
 e - 3 potions of curing
 f - 2 potions of degeneration {unknown}
 g - a potion of magic {unknown}
 j - 2 potions of flight {unknown}
 l - 2 potions of lignification {unknown}
 r - a potion of heal wounds {unknown}
 t - a potion of invisibility {unknown}


   Skills:
 * Level 5.8 Fighting
 + Level 5.3 Maces & Flails
 * Level 5.4 Armour
 + Level 1.0 Dodging
 + Level 4.8 Shields


You had 6 spell levels left.
You didn't know any spells.
Your spell library was empty.

Dungeon Overview and Level Annotations

Branches:
Dungeon (6/15)
 Temple: D:4-7

Altars:
Elyvilon
Fedhas
Kikubaaqudgha
Makhleb
Nemelex Xobeh
Trog
Uskayaw
Yredelemnul


Innate Abilities, Weirdness & Mutations

You are immune to sickness and miasma.
Your stone body is resilient. (AC +4)
You are immune to poison.
You resist negative energy. (rN+)
You are resistant to electric shocks. (rElec)
You are resistant to unholy torment.
You are immune to petrification.


Message History

* * * LOW HITPOINT WARNING * * *
The shadow imp barely misses you.
You are too injured to fight recklessly!
The frilled lizard hisses angrily.
You block the ogre's attack.
There is a stone staircase leading up here.
Found a scroll labelled XOSEMY ETHA.
There is an escape hatch in the ceiling here.
A mysterious force pulls you upwards. The hatch slams shut behind you.
You start resting.
An orc comes into view. It is wielding a +0 dagger.
The orc shouts!
You hear a shout!
An orc priest comes into view. It is wielding a +0 dagger.
An orc comes into view. It is wielding a +0 flail.
Your shield prevents you from hitting the orc.
The orc shouts!
The orc completely misses you.
You sock the orc!
You kill the orc!
Things that are here:
a +0 dagger; a +0 ring mail The orc priest hits you but does no damage.
You closely miss the orc priest.
The orc priest hits you but does no damage.
Your shield prevents you from hitting the orc priest.
The orc priest hits you with a +0 dagger.
The orc hits you but does no damage.
You hit the orc priest.
The orc priest is lightly wounded.
The orc priest calls down the wrath of Beogh upon you.
Beogh smites you! The orc hits you but does no damage.
The orc priest invokes the aid of Beogh against you.
Beogh smites you!
* * * LOW HITPOINT WARNING * * *
The orc hits you but does no damage.
You sock the orc priest!
The orc priest is almost dead.
The orc priest invokes the aid of Beogh against you.
Beogh smites you!
You die...

...#⌠...⌠...⌠####............#
....####.####.............####
########>+................#######
........#................##.....
.........................##.....
.......#######....#.............
.......#.$$..#....###.####.####.
.......#..$$.#.oo.....##.....##.
.......+.._.$#.@..###.#.......#.
.......#$....#)...# #.#.......#.
.......#....$#.######....._.....
......#######........#.......#.
...............#.......#.
...###.........##.....##. ###
#.........####.####.
#...................
#..........##.###...


You could see an orc priest and an orc.

Vanquished Creatures
  An ice beast (D:5)
  A black bear (D:5)
  A necrophage (D:6)
  A scorpion (D:6)
  A water moccasin skeleton (D:4)
  A hound (D:4)
  A bullfrog skeleton (D:4)
  2 jellies (D:4)
  Natasha (twice) (D:2)
  2 iguanas
  A killer bee zombie (D:5)
  A hound zombie (D:4)
  A howler monkey skeleton (D:4)
  2 adders
  2 gnolls (D:1)
  A white imp (D:5)
  4 adder zombies
  3 worms
  A dart slug (D:1)
  6 orcs
  5 ball pythons
  2 bats (D:1)
  9 endoplasms
  6 giant cockroaches
  7 goblins (D:1)
  8 hobgoblins
  7 jackals (D:4)
  3 quokkas
  4 frilled lizards
  9 kobolds
  2 rats
97 creatures vanquished.

Vanquished Creatures (others)
  12 fungi (D:6)
12 creatures vanquished.

Grand Total: 109 creatures vanquished

Notes
Turn   | Place    | Note
-------+----------+-------------------------------------------
     0 | D:1      | robertstho the Gargoyle Fighter began the quest for the
                  | Orb.
     0 | D:1      | Reached XP level 1. HP: 14/14 MP: 1/1
    70 | D:1      | Reached XP level 2. HP: 14/19 MP: 2/2
   643 | D:1      | Reached XP level 3. HP: 24/24 MP: 3/3
  1452 | D:2      | Noticed Natasha
  1461 | D:2      | Reached XP level 4. HP: 16/29 MP: 4/4
  1473 | D:2      | Killed Natasha
  1803 | D:2      | Noticed Natasha
  1812 | D:2      | Killed Natasha
  2097 | D:2      | Identified a scroll of acquirement
  2097 | D:2      | Acquired a +4 ring of slaying
  2188 | D:3      | Reached XP level 5. HP: 34/34 MP: 5/5
  2404 | D:3      | Found a blossoming altar of Fedhas.
  2407 | D:3      | Found an ancient bone altar of Kikubaaqudgha.
  2982 | D:4      | Found a white marble altar of Elyvilon.
  3017 | D:4      | Reached XP level 6. HP: 39/39 MP: 6/6
  3145 | D:4      | Found a hide-covered altar of Uskayaw.
  3288 | D:4      | Found a basalt altar of Yredelemnul.
  3572 | D:4      | Reached skill level 5 in Fighting
  3604 | D:4      | Found a sparkling altar of Nemelex Xobeh.
  3695 | D:5      | Entered Level 5 of the Dungeon
  3700 | D:5      | Noticed a black bear
  3705 | D:5      | Killed a black bear
  3706 | D:5      | Reached XP level 7. HP: 44/44 MP: 7/7
  3801 | D:5      | Reached skill level 5 in Armour
  3848 | D:5      | Found a burning altar of Makhleb.
  3880 | D:5      | Found a bloodstained altar of Trog.
  4234 | D:6      | Reached skill level 5 in Maces & Flails
  4234 | D:6      | Reached skill level 1 in Dodging
  4479 | D:5      | Killed from afar by an orc priest

Illustrated notes

Levels and vault maps discovered:
D:1:      tarquinn_simple_flora_water_d, layout_basic, minmay_misc_feat_square
D:2:      layout_basic, uniq_natasha
D:3:      layout_rooms, grunt_temple_overflow_growth_and_decay,
          chequers_arboretum, grunt_decor_fettered, kennysheep_generic_room_13
D:4:      layout_loops_ring, elyvilon_altar_1, marbit_many_paths,
          nicolae_yredelemnul_corpse_copse, kennysheep_mini_moat,
          serial_bayou_pond_d
D:5:      layout_basic, amcnicky_altar_gilded, old_standard_altar,
          roderic_three_in_a_row
D:6:      layout_basic, lemuel_crystal_altar, serial_aquarium,
          aquarium_bridge_square [aquarium_subvault_bridge,
          aquarium_subvault_bridge, aquarium_subvault_bridge,
          aquarium_subvault_window], aquarium_bridge_straight
          [aquarium_subvault_bridge, aquarium_subvault_wall,
          aquarium_subvault_bridge, aquarium_subvault_wall], aquarium_window_1,
          aquarium_window_1, aquarium_view_2b, aquarium_balcony_3b,
          minmay_misc_feat_tower, uniq_pikel

Skill      XL: |  1  2  3  4  5  6  7 |
---------------+----------------------+-----
Fighting       | 4 5 |  5.8
Maces & Flails | 3 4 5 |  5.3
Armour         | 4 5 |  5.4
Shields        | 4 |  4.8
Dodging        | 1 |  1.0

Action                   |  1- 3 |  4- 6 |  7- 9 || total
-------------------------+-------+-------+-------++-------
Melee: Flail             |    83 |   150 |    53 ||   286
  Use: Scroll            |       |     9 |     1 ||    10
Armor: Scale mail        |    39 |    11 |       ||    50
       Chain mail        |       |    61 |    27 ||    88
       Skin              |       |     2 |       ||     2
Dodge: Dodged            |    21 |    35 |    15 ||    71
Block: Kite shield       |    46 |    85 |    21 ||   152

Table legend: (Time is in decaauts)
 A = Elapsed time spent in this place.
 B = Non-inter-level travel time spent in this place.
 C = Inter-level travel time spent in this place.
 D = Time resting spent in this place.
 E = Time spent auto-exploring this place.
 F = Levels seen in this place.
 G = Mean time per level.
                   A        B        C        D        E       F      G
               +--------+--------+--------+--------+--------+-----+--------+
         Total |   4624 |   4404 |    220 |    259 |   3232 |   6 |  770.7 |
       Dungeon |   4624 |   4404 |    220 |    259 |   3232 |   6 |  770.7 |
               +--------+--------+--------+--------+--------+-----+--------+

Top non-repeatable levels by time:
     D:1: 1337 daAuts
     D:4: 1208 daAuts
     D:2: 852 daAuts
     D:3: 606 daAuts
     D:5: 478 daAuts
     D:6: 140 daAuts
